 Dungeon Crawl Stone Soup version 0.29-a0-506-ga2e7fffb44 (webtiles) character file.

Game seed: 6614694453251789010

23 kyalle the Skirmisher (level 2, -5/27 HPs)
             Began as a Minotaur Fighter on May 28, 2022.
             Slain by a gnoll
             ... wielding a +0 flail of protection
              (9 damage)
             ... on level 1 of the Dungeon.
             The game lasted 00:01:45 (281 turns).

kyalle the Skirmisher (Minotaur Fighter)             Turns: 281, Time: 00:01:45

Health: -5/27      AC:  8    Str: 20    XL:     2   Next: 75%
Magic:  1/1        EV:  9    Int:  5    God:
Gold:   16         SH:  4    Dex:  9    Spells: 1/1 levels left

rFire   . . .      SeeInvis .   a - +0 long sword
rCold   + . .      Faith    .   c - +0 buckler
rNeg    . . .      Spirit   .   b - +0 scale mail
rPois   .          Reflect  .   (helmet restricted)
rElec   .          Harm     .   e - +0 cloak
rCorr   .          Rampage  .   (no gloves)
Will    .....                   (no boots)
Stlth   ..........              (no amulet)
HPRegen 0.09/turn               h - ring of protection from cold
MPRegen 0.07/turn               (no ring)

@: no status effects
A: horns 2, retaliatory headbutt
a: no special abilities


You were on level 1 of the Dungeon.
You visited 1 branch of the dungeon, and saw 1 of its levels.

You collected 16 gold pieces.

Inventory:

Hand Weapons
 a - a +0 long sword (weapon)
Armour
 b - a +0 scale mail (worn)
 c - a +0 buckler (worn)
 e - a +0 cloak (worn)
Jewellery
 h - a ring of protection from cold (left hand)
Scrolls
 g - a scroll of enchant weapon {unknown}
 i - a scroll of fear {unknown}
Potions
 d - a potion of might
 f - a potion of heal wounds {unknown}


   Skills:
 * Level 4.1 Fighting
 * Level 3.1 Long Blades
 + Level 3.9 Armour
 + Level 3.8 Shields


You had one spell level left.
You didn't know any spells.
Your spell library was empty.

Dungeon Overview and Level Annotations

Branches:
Dungeon (1/15)

Altars:


Innate Abilities, Weirdness & Mutations

You have a pair of horns on your head.
You reflexively headbutt those who attack you in melee.


Message History

The goblin is heavily wounded.
You block the goblin's attack. The goblin hits you but does no damage.
You barely miss the goblin.
The goblin is heavily wounded.
The goblin hits you but does no damage.
You closely miss the goblin.
The goblin is heavily wounded.
The goblin closely misses you.
You closely miss the goblin.
The goblin is heavily wounded.
You block the goblin's attack. x2
You slash the goblin!
You kill the goblin!
Items here: )) ††.
Found a stone staircase leading down.
There is a stone staircase leading down here.
A gnoll comes into view.
It is wielding a +0 flail of protection.
The gnoll shouts!
A quokka comes into view.
The gnoll hits you with a +0 flail of protection.
You barely miss the gnoll.
The gnoll hits you with a +0 flail of protection.
You hit the gnoll.
The gnoll is heavily wounded.
The gnoll closely misses you.
You hit the gnoll. Your headbutt misses the gnoll.
The gnoll is heavily wounded.
The gnoll hits you with a +0 flail of protection.
The gnoll completely misses you.
You closely miss the gnoll.
The gnoll is heavily wounded.
The gnoll hits you but does no damage.
You closely miss the gnoll. Your headbutt misses the gnoll.
The gnoll is heavily wounded.
The gnoll hits you with a +0 flail of protection!
* * * LOW HITPOINT WARNING * * *
You hit the gnoll but do no damage.
The gnoll is heavily wounded.
The gnoll hits you with a +0 flail of protection!
You die...

.....#####.##.# .....#
#.##.# ###### #.##.#
.# #.##.# .# ##.##.#
.########...#..
............###
#########...########.#
##..>...@gr..# #
###########.# # # #
#### ...# #.## ..##


You could see a gnoll and a quokka.

Vanquished Creatures
  4 bats (D:1)
  3 endoplasms (D:1)
  2 giant cockroaches (D:1)
  A goblin (D:1)
  2 jackals (D:1)
  2 kobolds (D:1)
  A ball python (D:1)
  2 frilled lizards (D:1)
  3 rats (D:1)
20 creatures vanquished.

Notes
Turn   | Place    | Note
-------+----------+-------------------------------------------
     0 | D:1      | kyalle the Minotaur Fighter began the quest for the Orb.
     0 | D:1      | Reached XP level 1. HP: 19/19 MP: 0/0
    98 | D:1      | Reached XP level 2. HP: 27/27 MP: 1/1
   149 | D:1      | Reached skill level 4 in Fighting
   281 | D:1      | Slain by a gnoll

Illustrated notes

Levels and vault maps discovered:
D:1:      dpeg_arrival_more_subterranean_lakeside_camping, layout_loops_ring,
          chequers_ecumenical_altar_twisty

Skill      XL: |  1  2 |
---------------+-------+-----
Fighting       | 4 |  4.1
Long Blades    | 3 |  3.1
Armour         | |  3.9
Shields        | |  3.8

Action                   || total
-------------------------++-------
Melee: Long sword        ||    45
       Headbutt          ||     8
Armor: Scale mail        ||    29
Dodge: Dodged            ||    27
Block: Buckler           ||    15

Table legend: (Time is in decaauts)
 A = Elapsed time spent in this place.
 B = Non-inter-level travel time spent in this place.
 C = Inter-level travel time spent in this place.
 D = Time resting spent in this place.
 E = Time spent auto-exploring this place.
 F = Levels seen in this place.
 G = Mean time per level.
                   A        B        C        D        E       F      G
               +--------+--------+--------+--------+--------+-----+--------+
         Total |    293 |    293 |      0 |      0 |    136 |   1 |  293.0 |
       Dungeon |    293 |    293 |      0 |      0 |    136 |   1 |  293.0 |
               +--------+--------+--------+--------+--------+-----+--------+

Top non-repeatable levels by time:
     D:1: 293 daAuts
